 Dungeon Crawl Stone Soup version 0.26.1-2-gb8aa6d0cf2 (webtiles) character file.

Game seed: 5559787276452873639

56 Allula97 the Shield-Bearer (level 4, -3/36 HPs)
             Began as a Formicid Fighter on Mar 2, 2021.
             Killed from afar by an orc wizard (10 damage)
             ... with a puff of flame
             ... on level 2 of the Dungeon.
             The game lasted 00:01:15 (749 turns).

Allula97 the Shield-Bearer (Formicid Fighter)        Turns: 749, Time: 00:01:16

Health: -3/36      AC:  7    Str: 22    XL:     4   Next: 17%
Magic:  4/4        EV:  8    Int:  7    God:
Gold:   50         SH:  9    Dex: 10    Spells: 3/3 levels left

rFire    . . .     SeeInvis +   a - +0 war axe
rCold    . . .     Faith    .   c - +0 kite shield
rNeg     . . .     Spirit   .   b - +0 scale mail
rPois    .         Reflect  .   (helmet unavailable)
rElec    .         Harm     .   (no cloak)
rCorr    .         Rampage  .   (no gloves)
Will     .....                  (no boots)
Stlth    ..........             (no amulet)
HPRegen  0.12/turn              (no ring)
MPRegen  0.09/turn              (no ring)

@: mighty
A: permanent stasis, dig shafts and tunnels, four strong arms, antennae 3
a: Dig, Shaft Self


You were on level 2 of the Dungeon.
You visited 1 branch of the dungeon, and saw 2 of its levels.

You collected 50 gold pieces.

Inventory:

Hand Weapons
 a - a +0 war axe (weapon)
Armour
 b - a +0 scale mail (worn)
 c - a +0 kite shield (worn)
Scrolls
 f - a scroll of identify {unknown}
Potions
 e - a potion of mutation {unknown}
 g - 2 potions of berserk rage {unknown}
 h - 2 potions of curing {unknown}


   Skills:
 * Level 3.6 Fighting
 * Level 2.6 Axes
 * Level 3.7 Armour
 * Level 0.6 Dodging
 * Level 1.2 Stealth
 * Level 4.1 Shields


You had 3 spell levels left.
You didn't know any spells.
Your spell library was empty.

Dungeon Overview and Level Annotations

Branches:
Dungeon (2/15)

Altars:


Innate Abilities, Weirdness & Mutations

You cannot be hasted, slowed, berserked, paralysed or teleported.
You can dig through walls and to a lower floor.
Your four strong arms can wield two-handed weapons with a shield.
You have a pair of large antennae on your head. (SInv)


Message History

The orc wizard closely misses you. The orc wizard barely misses you.
You closely miss the orc wizard.
The orc wizard is lightly wounded.
The orc wizard hits you but does no damage.
You completely miss the orc wizard.
The orc wizard is lightly wounded.
You block the orc wizard's attack. x2
You slash the orc wizard!
The orc wizard is almost dead.
The orc wizard gestures at you while chanting.
The magic dart hits you!
* * * LOW HITPOINT WARNING * * *
You barely miss the orc wizard.
The orc wizard is almost dead.
You block the orc wizard's attack.
You barely miss the orc wizard.
The orc wizard is almost dead.
The orc wizard gestures at you while chanting.
The puff of flame hits you!
You die...

##......... .#
..w.......##.#
.............##
#..............
#..............
#........ #...
.#### ### ##


You could see an orc wizard (invisible), a dart slug, 2 orcs and a rat.

Vanquished Creatures
  An orc wizard (D:2)
  An adder (D:2)
  A dart slug (D:1)
  An orc (D:2)
  2 giant cockroaches
  2 goblins (D:1)
  2 hobgoblins (D:1)
  4 bats (D:1)
  A frilled lizard (D:1)
  3 rats (D:1)
18 creatures vanquished.

Notes
Turn   | Place    | Note
-------+----------+-------------------------------------------
     0 | D:1      | Allula97 the Formicid Fighter began the quest for the Orb.
     0 | D:1      | Reached XP level 1. HP: 18/18 MP: 1/1
   198 | D:1      | Reached XP level 2. HP: 24/24 MP: 2/2
   739 | D:2      | Reached skill level 1 in Stealth
   739 | D:2      | Reached skill level 4 in Shields
   739 | D:2      | Reached XP level 3. HP: 12/29 MP: 3/3
   741 | D:2      | Reached XP level 4. HP: 15/36 MP: 4/4
   749 | D:2      | Killed from afar by an orc wizard

Illustrated notes

Levels and vault maps discovered:
D:1:      onia_arrival_mini_spirals, layout_loops_ring, minivault_23,
          chequers_serial_rivers_small_b, fountainhead
D:2:      layout_loops_ring, lemuel_round_altar, amcnicky_mini_corridor_feature

Skill      XL: |  1  2 |
---------------+-------+-----
Stealth        | 1 |  1.2
Shields        | 4 |  4.1
Fighting       | |  3.6
Axes           | |  2.6
Armour         | |  3.7
Dodging        | |  0.6

Action                   |  1- 3 |  4- 6 || total
-------------------------+-------+-------++-------
Melee: War axe           |    47 |     9 ||    56
  Use: Potion            |     1 |       ||     1
Armor: Scale mail        |    20 |     1 ||    21
Dodge: Dodged            |    13 |     3 ||    16
Block: Kite shield       |    24 |     4 ||    28
